 Dungeon Crawl Stone Soup version 0.18-a0-1109-gfc003ac (webtiles) character file.

4519 lysy the Thaumaturge (level 10, -1/50 HPs)
             Began as a Deep Elf Fire Elementalist on Jan 16, 2016.
             Was a Follower of Vehumet.
             Killed by the air
             ... invoked by Gastronok
              (25 damage)
             ... on level 9 of the Dungeon.
             The game lasted 00:48:47 (12315 turns).

lysy the Thaumaturge (Deep Elf Fire Elementalist)  Turns: 12315, Time: 00:48:47

Health: -1/50      AC:  8    Str:  5    XL:     10   Next: 17%
Magic:  5/26       EV: 20    Int: 22    God:    Vehumet [*.....]
Gold:   279        SH:  0    Dex: 21    Spells: 9 memorised, 6 levels left

rFire  . . .     SeeInvis .     G - +2 quarterstaff
rCold  . . .     Gourm    .     a - +0 robe
rNeg   . . .     Faith    .     (shield currently unavailable)
rPois  .         Spirit   .     (no helmet)
rElec  .         Dismiss  +     k - +0 cloak
rCorr  .         Reflect  .     M - +0 pair of gloves
SustAt .         Harm     .     r - +0 pair of boots
MR     +....                    q - amulet of dismissal
Stlth  ++........               B - +4 ring of dexterity
                                F - +3 ring of protection

@: slowed, very slow, somewhat resistant to hostile enchantments, unstealthy
A: no striking features
a: Renounce Religion


You were on level 9 of the Dungeon.
You worshipped Vehumet.
Vehumet was aware of your devotion.
You were hungry.

You visited 2 branches of the dungeon, and saw 10 of its levels.
You also visited: Sewer.

You collected 479 gold pieces.
You spent 200 gold pieces at shops.


   Skills:
 - Level 1.1 Staves
 - Level 8.3 Dodging
 - Level 2.4 Stealth
 - Level 10.0 Spellcasting
 + Level 8.4 Conjurations
 - Level 3.3 Translocations
 + Level 8.6 Fire Magic


You had 6 spell levels left.
You knew the following spells:

 Your Spells              Type           Power        Failure   Level  Hunger
a - Stoneskin             Trmt/Erth      ##......     10%         2    None
b - Blink                 Tloc           N/A          2%          2    None
c - Fireball              Conj/Fire      #####.....   6%          5    ####...
d - Repel Missiles        Chrm/Air       ##....       10%         2    None
x - Sticky Flame          Conj/Fire      #####...     1%          4    ##.....
y - Shock                 Conj/Air       ####         1%          1    None
z - Flame Tongue          Conj/Fire      #####        1%          1    None
C - Mephitic Cloud        Conj/Pois/Air  ###.....     8%          3    None
Z - Conjure Flame         Conj/Fire      #####...     1%          3    None

Inventory:

Hand Weapons
 g - a +0 dagger
 D - a +0 dagger of electrocution
 G - a +2 quarterstaff (weapon)
Missiles
 m - 197 stones (quivered)
Armour
 a - a +0 robe (worn)
 k - a +0 cloak (worn)
 r - a +0 pair of boots (worn)
 M - a +0 pair of gloves (worn)
Jewellery
 j - an uncursed ring of fire
 l - an uncursed ring of ice
 q - an amulet of dismissal (around neck)
 B - a +4 ring of dexterity (right hand)
 F - a +3 ring of protection (left hand)
Wands
 n - a wand of enslavement (8/24)
 y - a wand of disintegration (24/24)
 O - a wand of lightning (8/15)
Scrolls
 d - 4 scrolls of amnesia
 e - 2 scrolls of fear
 i - 4 scrolls of blinking
 p - 2 scrolls of remove curse
 s - a scroll of fog
 w - 3 scrolls of teleportation {@r4}
 E - a scroll of recharging
 N - 3 scrolls of brand weapon {unknown}
 Q - a scroll of noise {unknown}
 S - a scroll of identify {@r1}
Potions
 f - 2 potions of berserk rage {!q}
 h - 2 potions of curing {@q1}
 o - a potion of ambrosia {!q}
 t - 4 potions of heal wounds {@q2}
 u - a potion of cancellation {unknown}
 v - 2 potions of haste {@q3}
 x - 3 potions of invisibility
 z - 5 potions of flight
 A - 3 potions of brilliance
 C - a potion of magic
 H - 2 potions of resistance {unknown}
 L - a potion of agility {unknown}
Books
 b - a book of Flames

   Spells                             Type                      Level
   a - Flame Tongue                   Conjuration/Fire             1
   b - Throw Flame                    Conjuration/Fire             2
   c - Conjure Flame                  Conjuration/Fire             3
   d - Inner Flame                    Hexes/Fire                   3
   e - Sticky Flame                   Conjuration/Fire             4
   f - Fireball                       Conjuration/Fire             5
 I - a book of Geomancy

   Spells                             Type                      Level
   a - Sandblast                      Earth                        1
   b - Stoneskin                      Transmutation/Earth          2
   c - Passwall                       Transmutation/Earth          3
   d - Stone Arrow                    Conjuration/Earth            3
   e - Petrify                        Transmutation/Earth          4
   f - Lee's Rapid Deconstruction     Earth                        5
 K - a book of Minor Magic

   Spells                             Type                      Level
   a - Magic Dart                     Conjuration                  1
   b - Blink                          Translocation                2
   c - Call Imp                       Summoning                    2
   d - Repel Missiles                 Charms/Air                   2
   e - Slow                           Hexes                        2
   f - Conjure Flame                  Conjuration/Fire             3
   g - Mephitic Cloud                 Conjuration/Poison/Air       3
 P - a book of Burglary

   Spells                             Type                      Level
   a - Swiftness                      Charms/Air                   2
   b - Passwall                       Transmutation/Earth          3
   c - Passage of Golubria            Translocation                4
   d - Lee's Rapid Deconstruction     Earth                        5
   e - Darkness                       Hexes                        6
   f - Invisibility                   Hexes                        6
Comestibles
 c - 9 bread rations
 J - 5 slices of pizza
 R - 2 chunks of flesh

Dungeon Overview and Level Annotations

Branches:
Dungeon (9/15)             Temple (1/1) D:5             Orc (0/2) D:9
   Lair: D:8-11

Altars:
Vehumet

Shops:
D:5 *:%

Annotations:
D:2 Sigmund, Terence
D:9 Gastronok

▒[▒.)........
▒)▒)▒▒.......
....
▒)...........
▒...▒ ▒▒▒
▒▒▒)▒▒.......
▒...+ .b▒
▒.▒........
▒...▒▒▒▒▒.▒
▒....▒.▒▒▒▒
▒......<▒.▒
▒▒▒▒▒▒.▒...
▒?...▒..▒.▒
▒......▒.▒▒
▒....▒..▒e▒
▒.▒▒▒▒▒▒.▒.
▒..w...r.▒ ▒.▒
▒.▒.
▒..▒▒▒▒▒▒▒▒▒▒▒▒.▒
▒.▒▒
▒...............▒
▒...
▒▒.▒▒▒▒▒▒▒▒▒▒▒▒▒▒
▒▒▒▒ .... ..▒▒.▒
▒. ▒.▒ ▒ ▒.▒


You could see Gastronok (burning), a quokka and a bat.


Message History

Aim: Gastronok, wearing an embroidered hat (moderately wounded, covered in liquid flames)
The sticky flame hits Gastronok.
Gastronok is heavily wounded.
You are feeling hungry.
Gastronok burns! x2
The bat misses you. The bat completely misses you.
The river rat completely misses you. The river rat barely misses you.
You don't have enough magic to cast that spell.
Unknown command.
Gastronok burns!
The bat misses you. Gastronok closely misses you.
Found a stone staircase leading up.
Gastronok burns! x2
The bat completely misses you. x2
The bat misses you.
Gastronok burns!
The bat misses you. The bat closely misses you. The bat completely misses you.
The bat misses you. The bat barely misses you.
Gastronok's eyestalks quiver as he mumbles some strange words.
Gastronok burns! x2
The bat misses you. The bat barely misses you.
Gastronok burns!
The bat hits you but does no damage. The bat misses you. The bat hits you.
Gastronok sloshes about.
You barely miss the bat.
Gastronok burns! x2
The bat completely misses you. The bat misses you.
Gastronok waves his eye-stalks in wide circles.
The air twists around and strikes you!
Ouch! That really hurt!
* * * LOW HITPOINT WARNING * * *
Gastronok burns! x2
The bat hits you but does no damage. The bat barely misses you.
The quokka barely misses you.
Gastronok waves his eye-stalks in wide circles.
The air twists around and strikes you!
Ouch! That really hurt!
You die...

Action                   |  1- 3 |  4- 6 |  7- 9 | 10-12 || total
-------------------------+-------+-------+-------+-------++-------
Melee: Dagger            |       |     8 |       |       ||     8
       Quarterstaff      |       |       |   122 |     2 ||   124
Throw: Tomahawk          |    24 |    39 |     5 |       ||    68
       Stone             |     4 |    24 |    16 |     6 ||    50
 Cast: Flame Tongue      |    62 |   133 |   174 |    48 ||   417
       Conjure Flame     |     1 |     4 |    13 |     3 ||    21
       Sticky Flame      |       |     5 |    55 |    13 ||    73
       Repel Missiles    |       |       |     2 |       ||     2
       Shock             |       |       |    18 |       ||    18
       Stoneskin         |       |       |     2 |       ||     2
  Use: Scroll            |     1 |    11 |    10 |     1 ||    23
       Potion            |       |       |     1 |       ||     1
 Stab: Sleeping          |       |     2 |     2 |       ||     4
  Eat: Chunk             |     1 |     6 |     9 |     3 ||    19
       Beef jerky        |       |     2 |     2 |       ||     4
       Pizza             |       |     1 |     1 |     1 ||     3
       Bread ration      |       |     1 |       |       ||     1
       Meat ration       |       |       |     1 |       ||     1

Vault maps used:
D:1:      lightli_arrival_windingriver
D:2:      uniq_sigmund, uniq_terence
D:3:      portal_sewer_entry_f, first_bread, uniq_natasha
D:5:      temple_green, serial_shops, shop, shop, nicolae_shop_trees,
          uniq_pikel, uniq_prince_ribbit1
D:6:      serial_glass, glass_columns_a, glass_columns_a, glass_columns_b,
          glass_columns_b
D:7:      hangedman_abyss_or_decor_stagger, kennysheep_doodads, grunt_livestock
D:8:      lemuel_ice_spiral_2, uniq_grum
D:9:      minitemple, lair_0_dummy, orc_0_dummy, uniq_gastronok
Temple:   minmay_temple_curvy_14
Sewer:    sewer_fruit_machine

Notes
Turn   | Place    | Note
--------------------------------------------------------------
     0 | D:1      | lysy the Deep Elf Fire Elementalist began the quest for the Orb.
     0 | D:1      | Reached XP level 1. HP: 10/10 MP: 6/6
   282 | D:1      | Reached XP level 2. HP: 15/15 MP: 6/8
   642 | D:1      | Reached skill level 4 in Fire Magic
   651 | D:1      | Reached skill level 2 in Conjurations
   855 | D:2      | Reached XP level 3. HP: 19/19 MP: 4/9
   942 | D:2      | Learned a level 3 spell: Conjure Flame
  1266 | D:2      | Reached XP level 4. HP: 22/24 MP: 7/10
  1354 | D:2      | Reached skill level 3 in Conjurations
  1357 | D:2      | Noticed Sigmund
  1470 | D:2      | Noticed Terence
  1817 | D:3      | Found a glowing drain.
  1912 | Sewer    | Entered a sewer
  1926 | Sewer    | Reached skill level 5 in Fire Magic
  2422 | D:3      | Learned a level 4 spell: Sticky Flame
  2426 | D:3      | Reached XP level 5. HP: 28/28 MP: 9/11
  2430 | D:3      | Noticed Natasha
  2439 | D:3      | Killed Natasha
  2539 | D:3      | Reached skill level 4 in Conjurations
  2661 | D:3      | Noticed Natasha
  2670 | D:3      | Killed Natasha
  2670 | D:3      | Reached skill level 4 in Spellcasting
  2865 | D:3      | Noticed Natasha
  2877 | D:3      | Killed Natasha
  3423 | D:3      | Reached XP level 6. HP: 32/32 MP: 12/14
  4046 | D:4      | Reached skill level 5 in Spellcasting
  4046 | D:4      | Reached skill level 5 in Conjurations
  4719 | D:4      | Reached skill level 3 in Dodging
  5197 | D:5      | Entered Level 5 of the Dungeon
  5203 | D:5      | Reached XP level 7. HP: 36/36 MP: 9/17
  5265 | D:5      | Reached skill level 1 in Staves
  5273 | D:5      | Learned a level 5 spell: Fireball
  5338 | D:5      | Noticed Pikel
  5792 | D:4      | Killed Pikel
  5792 | D:4      | Reached skill level 5 in Dodging
  5792 | D:4      | Reached skill level 7 in Spellcasting
  5792 | D:4      | Reached XP level 8. HP: 22/41 MP: 7/21
  5953 | D:5      | Found Kedeuv's General Store.
  5981 | D:5      | Noticed Prince Ribbit
  6256 | D:5      | Killed Prince Ribbit
  6256 | D:5      | Reached skill level 6 in Dodging
  6256 | D:5      | Reached skill level 8 in Spellcasting
  6446 | D:5      | Reached skill level 7 in Dodging
  6585 | D:5      | Found a staircase to the Ecumenical Temple.
  6605 | Temple   | Entered the Ecumenical Temple
  6630 | Temple   | Became a worshipper of Vehumet
  6679 | D:5      | Found Gyplib's Book Boutique.
  6688 | D:5      | Bought a book of Minor Magic for 200 gold pieces
  6691 | D:5      | Learned a level 2 spell: Blink
  6694 | D:5      | Learned a level 2 spell: Repel Missiles
  6698 | D:5      | Learned a level 3 spell: Mephitic Cloud
  6845 | D:5      | Reached skill level 2 in Translocations
  6874 | D:5      | Reached skill level 3 in Translocations
  7006 | D:5      | Reached skill level 9 in Spellcasting
  7158 | D:5      | Found Tishouron's Food Shoppe.
  7687 | D:6      | Reached XP level 9. HP: 28/45 MP: 20/24
  8016 | D:6      | Reached skill level 8 in Dodging
  8569 | D:7      | Reached skill level 10 in Spellcasting
  8998 | D:7      | Reached skill level 6 in Fire Magic
  9182 | D:7      | Reached skill level 6 in Conjurations
  9193 | D:7      | Reached * piety under Vehumet
  9193 | D:7      | Offered knowledge of Shock by Vehumet.
  9586 | D:7      | Reached skill level 7 in Fire Magic
  9781 | D:7      | Reached skill level 7 in Conjurations
 10087 | D:7      | Learned a level 1 spell: Shock
 10154 | D:8      | Learned a level 2 spell: Stoneskin
 10399 | D:8      | Got a translucent brass amulet
 10788 | D:8      | Identified the amulet of Ideul Gie {Harm *Drain rPois rN+ Str+2} (You found it on level 8 of the Dungeon)
 10817 | D:8      | Noticed Grum
 10824 | D:8      | Reached skill level 8 in Fire Magic
 10849 | D:8      | Killed Grum
 10849 | D:8      | Reached XP level 10. HP: 41/50 MP: 4/26
 10851 | D:8      | Reached skill level 8 in Conjurations
 11866 | D:9      | Found a staircase to the Orcish Mines.
 12301 | D:9      | Noticed Gastronok
 12315 | D:9      | Killed from afar by Gastronok

Vanquished Creatures
  Pikel (D:4)
  Prince Ribbit (D:5)
  A hog (D:7)
  Grum (D:8)
  A human (D:7)
  A hippogriff (D:7)
  3 wolves (D:8)
  3 ice beasts
  An orc warrior (D:9)
  A sky beast (D:7)
  4 phantoms
  3 centaurs
  A crocodile (D:8)
  2 big kobolds
  2 giant frogs
  2 scorpions
  2 crimson imps
  A giant frog zombie (D:8)
  A wasp zombie (D:8)
  3 orc priests
  2 jellies
  A hound (D:6)
  7 orc wizards
  A giant frog skeleton (D:7)
  Natasha (thrice) (D:3)
  4 iguanas
  9 worker ants
  3 sheep (D:7)
  3 hound zombies
  A hound skeleton (D:5)
  A worker ant zombie (D:7)
  11 adders
  7 gnolls
  2 shadow imps
  An ooze (D:3)
  An adder skeleton (D:4)
  6 worms
  13 giant geckos
  23 orcs
  9 giant cockroaches
  5 goblins
  8 hobgoblins
  9 jackals
  5 quokkas
  A ball python skeleton (D:4)
  13 bats
  7 giant newts
  A jackal skeleton (D:4)
  18 kobolds
  A quokka skeleton (D:7)
  6 rats
217 creatures vanquished.

Vanquished Creatures (others)
  3 slaves (D:5)
  A crimson imp (D:4)
  An orc (D:5)
5 creatures vanquished.

Grand Total: 222 creatures vanquished
